 Dungeon Crawl Stone Soup version 0.20-a0-738-gb057e68 (webtiles) character file.

45 Dolanko the Insei (level 3, 0/28 HPs)
             Began as a Demonspawn Transmuter on Feb 24, 2017.
             Slain by a worm (9 damage)
             ... on level 2 of the Dungeon.
             The game lasted 00:03:57 (1746 turns).

Dolanko the Insei (Demonspawn Transmuter)           Turns: 1746, Time: 00:03:58

Health: 0/28       AC:  2    Str: 10    XL:     3   Next: 42%
Magic:  5/6        EV: 12    Int: 14    God:
Gold:   51         SH:  0    Dex: 16    Spells: 5/6 levels left

rFire    . . .     SeeInvis .     - Unarmed
rCold    + . .     Gourm    .   b - +0 robe
rNeg     . . .     Faith    .   (no shield)
rPois    .         Spirit   .   (no helmet)
rElec    .         Reflect  .   (no cloak)
rCorr    .         Harm     .   (no gloves)
MR       .....     Clarity  +   (no boots)
Stlth    +.........             (no amulet)
Regen    0.1/turn               (no ring)
MPRegen  0.1/turn               g - ring of protection from cold

@: appendage (expiring), drained
A: hooves 1, horns 2, agile 1, clarity
a: End Transformation


You were on level 2 of the Dungeon.
You were not hungry.
You had grown temporary horns.
You visited 1 branch of the dungeon, and saw 2 of its levels.

You collected 51 gold pieces.

Inventory:

Missiles
 a - 48 arrows
Armour
 b - a +0 robe (worn)
 l - a +0 pair of boots
Jewellery
 g - a ring of protection from cold (left hand)
Scrolls
 e - a scroll of teleportation {unknown}
 h - 2 scrolls of identify {unknown}
Potions
 j - a potion of heal wounds {unknown}
Books
 c - a book of Changes

   Spells                             Type                      Level
   a - Beastly Appendage              Transmutation                1
   b - Sticks to Snakes               Transmutation                2
   c - Spider Form                    Transmutation/Poison         3
   d - Ice Form                       Ice/Transmutation            4
   e - Blade Hands                    Transmutation                5
Comestibles
 d - 3 bread rations
 f - 3 chunks of flesh
 i - a meat ration
 k - a royal jelly


   Skills:
 * Level 2.4(2.3) Fighting
 - Level 1.7 Dodging
 + Level 3.1 Unarmed Combat
 - Level 2.0(1.9) Spellcasting
 + Level 2.2 Transmutations


You had 5 spell levels left.
You knew the following spells:

 Your Spells              Type           Power        Failure   Level  Hunger
a - Beastly Appendage     Tmut           #.....       12%         1    ##.....


Dungeon Overview and Level Annotations

Branches:
Dungeon (2/15)

Altars:
Ashenzari
Ru


Innate Abilities, Weirdness & Mutations

You have large cloven feet.
You have a pair of horns on your head.
You are agile. (Dex +2)
You possess an exceptional clarity of mind.


Message History

You start resting.
There is a stone staircase leading up here.
Casting: Beastly Appendage
Confirm with . or Enter, or press ? or * to list all spells.
You grow a pair of large bovine horns.
Your transformation is almost over.
The worm closely misses you.
You barely miss the worm. You kick the worm, but do no damage.
You headbutt the worm!
The worm is heavily wounded.
You hit the worm.
The worm is severely wounded.
The worm bites you!
You barely miss the worm. You kick the worm, but do no damage.
The worm is severely wounded.
You hit the worm but do no damage.
You headbutt the worm, but do no damage.
The worm is severely wounded.
The worm bites you!
You die...

#.#.........
#†#..#######
#.#..#
#.#..#
#.#..#
#.#..#
#.#..#
#.#..######
#.w@<.....#
####.######
#.# #.# #.#
#.# ..# ###


You could see a worm.

Vanquished Creatures
  An ooze (D:1)
  A worm (D:2)
  A dart slug (D:1)
  A leopard gecko (D:1)
  4 hobgoblins
  8 jackals
  3 bats
  4 frilled lizards (D:1)
  4 goblins (D:1)
  5 kobolds
  3 rats (D:1)
35 creatures vanquished.

Notes
Turn   | Place    | Note
-------+----------+-------------------------------------------
     0 | D:1      | Dolanko the Demonspawn Transmuter began the quest for the Orb.
     0 | D:1      | Reached XP level 1. HP: 15/15 MP: 3/3
   131 | D:1      | Gained mutation: You have large cloven feet. [demonic ancestry]
   131 | D:1      | Reached XP level 2. HP: 10/21 MP: 5/5
   282 | D:1      | Found a shattered altar of Ashenzari.
   543 | D:1      | Reached skill level 3 in Unarmed Combat
   989 | D:1      | Reached XP level 3. HP: 26/27 MP: 6/6
  1568 | D:2      | Gained mutation: You are agile. (Dex +2) [potion of mutation]
  1568 | D:2      | Gained mutation: You possess an exceptional clarity of mind. [potion of mutation]
  1665 | D:2      | Found a sacrificial altar of Ru.
  1746 | D:2      | Slain by a worm

Vault maps used:
D:1:      elethiomel_arrival_quiet, evilmike_ruin_ashenzari
D:2:      minitemple, nicolae_ru_sacrificial_ziggurat

Skill      XL: |  1  2 |
---------------+-------+-----
Transmutations | 2 |  2.2
Unarmed Combat | 3 |  3.1
Fighting       | 2 |  2.4
Dodging        | |  1.7
Spellcasting   | |  2.0

Action                   || total
-------------------------++-------
Melee: Unarmed           ||   147
       Kick              ||    26
       Headbutt          ||     5
       Punch             ||     3
 Cast: Beastly Appendage ||     5
  Use: Potion            ||     3
 Stab: Sleeping          ||     1
  Eat: Chunk             ||     3
Armor: Robe              ||     9
Dodge: Dodged            ||    94
